| TOP OF THE 1ST |
|
Sacramento River Cats batting - Pitching for Reno Aces : RHP Chad Toms
|
|
Pitching: RHP Chad Toms
|
|
|
Batting: RHB Laroya Foronda
|
0-0: Called Strike 0-1: Ball 1-1: Ground out U3 (Groundball, 3S, EV 76.9 MPH)
|
|
Batting: LHB Kevin Kantor
|
0-0: Called Strike 0-1: Fly out, F7 (Flyball, 7, EV 90.6 MPH)
|
|
Batting: LHB Ryan Braden
|
0-0: SINGLE (Groundball, 4MD, EV 85.6 MPH) (infield hit)
|
|
Batting: LHB Cesar Arteaga
|
0-0: Called Strike 0-1: Ball 1-1: Ball Ryan Braden steals 2nd base 2-1: Fly out, F9 (Line Drive, 9, EV 106.9 MPH)
|
| Top of the 1st over - 0 runs, 1 hit, 0 errors, 1 left on base; Sacramento 0 - Reno 0 |
| BOTTOM OF THE 1ST |
|
Reno Aces batting - Pitching for Sacramento River Cats : RHP Mike Moon
|
|
Pitching: RHP Mike Moon
|
|
|
Batting: RHB Ji-an Li
|
0-0: Swinging Strike 0-1: Ball 1-1: Foul Ball, location: 2F 1-2: Ball 2-2: Strikes out swinging
|
|
Batting: RHB Dave Vargas
|
0-0: Ball 1-0: Foul Ball, location: 2F 1-1: Foul Ball, location: 2F 1-2: Foul Ball, location: 2F 1-2: Strikes out swinging
|
|
Batting: SHB Salvador Aragon
|
0-0: Foul Ball, location: 2F 0-1: Ball 1-1: Ball 2-1: Foul Ball, location: 2F 2-2: Ball 3-2: Strikes out swinging
|
| Bottom of the 1st over - 0 runs, 0 hits, 0 errors, 0 left on base; Sacramento 0 - Reno 0 |
| TOP OF THE 2ND |
|
Sacramento River Cats batting - Pitching for Reno Aces : RHP Chad Toms
|
|
Batting: RHB Davey Beeson
|
0-0: Ball 1-0: Called Strike 1-1: Fly out, F8 (Flyball, 8LS, EV 78.8 MPH)
|
|
Batting: LHB Juan Gonzalez
|
0-0: DOUBLE (Line Drive, 78D, EV 105.0 MPH)
|
|
Pinch Runner at 2nd David Ramirez:
|
|
|
Batting: RHB Bill Defazio
|
0-0: Called Strike 0-1: Swinging Strike 0-2: Ground out 4-3 (Groundball, 4, EV 98.8 MPH) David Ramirez to third
|
|
Batting: LHB Nick Swank
|
0-0: Ball 1-0: Foul Ball, location: 2F 1-1: Ball 2-1: Ball 3-1: Ground out 6-3 (Groundball, 6M, EV 86.2 MPH)
|
| Top of the 2nd over - 0 runs, 1 hit, 0 errors, 1 left on base; Sacramento 0 - Reno 0 |
| BOTTOM OF THE 2ND |
|
Reno Aces batting - Pitching for Sacramento River Cats : RHP Mike Moon
|
|
Batting: LHB Bobby Arevalo
|
0-0: Foul Ball, location: 2F 0-1: Called Strike 0-2: Ball 1-2: Foul Ball, location: 2F 1-2: Ball 2-2: Ground out 6-3 (Groundball, 6, EV 76.9 MPH)
|
|
Batting: LHB Kyle Beaulieu
|
0-0: Swinging Strike 0-1: Foul Ball, location: 2F 0-2: Foul Ball, location: 2F 0-2: Strikes out swinging
|
|
Batting: RHB Ruben Garza
|
0-0: Called Strike 0-1: Ball 1-1: Ball 2-1: Ball 3-1: Foul Ball, location: 2F 3-2: Strikes out swinging, 2-3 out at first.
|
| Bottom of the 2nd over - 0 runs, 0 hits, 0 errors, 0 left on base; Sacramento 0 - Reno 0 |
| TOP OF THE 3RD |
|
Sacramento River Cats batting - Pitching for Reno Aces : RHP Chad Toms
|
|
Batting: RHB Jack Toole
|
0-0: Swinging Strike 0-1: Foul Ball, location: 2F 0-2: Fly out, F4 (Popup, 34S, EV 83.1 MPH)
|
|
Batting: RHB Laroya Foronda
|
0-0: Ball 1-0: SINGLE (Flyball, 56D, EV 91.9 MPH)
|
|
Batting: LHB Kevin Kantor
|
0-0: Called Strike 0-1: Swinging Strike 0-2: Ball 1-2: Fielders Choice at 2nd, 4-6 (Groundball, 4, EV 84.4 MPH)
|
|
Batting: LHB Ryan Braden
|
0-0: Ball 1-0: Called Strike 1-1: DOUBLE (Line Drive, 9LS, EV 99.4 MPH) Kevin Kantor to third Runner from 3rd tries for Home, SAFE, throw by RF to home
|
|
Batting: LHB Cesar Arteaga
|
0-0: Ball 1-0: Ball 2-0: Ball 3-0: Called Strike 3-1: SINGLE (Line Drive, 78M, EV 102.5 MPH) Ryan Braden to third
|
|
Batting: RHB Davey Beeson
|
0-0: Foul Ball, location: 2F 0-1: Ball 1-1: Foul Ball, location: 2F 1-2: SINGLE (Groundball, 6MD, EV 95.6 MPH) Ryan Braden scores Cesar Arteaga to second Runner from 2nd tries for 3rd, SAFE, throw by CF made to third
|
|
Batting: LHB David Ramirez
|
0-0: Ball 1-0: Called Strike 1-1: Ball 2-1: SINGLE (Flyball, 56D, EV 89.4 MPH) Cesar Arteaga scores Davey Beeson to second
|
|
Batting: RHB Bill Defazio
|
0-0: Ball 1-0: Ball 2-0: Called Strike 2-1: SINGLE (Groundball, 6MS, EV 70.6 MPH) (infield hit) Davey Beeson to third David Ramirez to second
|
|
Batting: LHB Nick Swank
|
0-0: Swinging Strike 0-1: Ball 1-1: Ball 2-1: DOUBLE (Flyball, 8LXD, EV 114.4 MPH) Davey Beeson scores David Ramirez scores Bill Defazio to third Runner from 3rd tries for Home, SAFE, throw by CF to trailing runner, SAFE at third!
|
|
Pitching: RHP Matt Doucet
|
|
|
Batting: RHB Jack Toole
|
0-0: Swinging Strike 0-1: Called Strike 0-2: Ball 1-2: Ground out 6-3 (Groundball, 6, EV 106.2 MPH)
|
| Top of the 3rd over - 6 runs, 7 hits, 0 errors, 1 left on base; Sacramento 6 - Reno 0 |
| BOTTOM OF THE 3RD |
|
Reno Aces batting - Pitching for Sacramento River Cats : RHP Mike Moon
|
|
Batting: LHB Ian Jarvis
|
0-0: Called Strike 0-1: Swinging Strike 0-2: Foul Ball, location: 2F 0-2: Strikes out swinging
|
|
Batting: LHB Sumiki Okuhara
|
0-0: Ball 1-0: Ball 2-0: Ground out 2-3 (Groundball, 13S, EV 70.6 MPH)
|
|
Batting: LHB Steve Reinhart
|
0-0: Swinging Strike 0-1: Ball 1-1: Swinging Strike 1-2: Foul Ball, location: 2F 1-2: Ball 2-2: DOUBLE (Line Drive, 7LD, EV 105.6 MPH)
|
|
Batting: RHB Ji-an Li
|
0-0: Ball 1-0: Swinging Strike 1-1: Fly out, F7 (Flyball, 7, EV 88.1 MPH)
|
| Bottom of the 3rd over - 0 runs, 1 hit, 0 errors, 1 left on base; Sacramento 6 - Reno 0 |
| TOP OF THE 4TH |
|
Sacramento River Cats batting - Pitching for Reno Aces : RHP Matt Doucet
|
|
Batting: RHB Laroya Foronda
|
0-0: Ball 1-0: Swinging Strike 1-1: Swinging Strike 1-2: Ball 2-2: Foul Ball, location: 2F 2-2: Strikes out swinging
|
|
Batting: LHB Kevin Kantor
|
0-0: Ball 1-0: Called Strike 1-1: Foul Ball, location: 2F 1-2: Strikes out swinging
|
|
Batting: LHB Ryan Braden
|
0-0: Foul Ball, location: 2F 0-1: Swinging Strike 0-2: DOUBLE (Line Drive, 3D, EV 98.1 MPH)
|
|
Batting: LHB Cesar Arteaga
|
0-0: Called Strike 0-1: Called Strike 0-2: Ball 1-2: Strikes out looking
|
| Top of the 4th over - 0 runs, 1 hit, 0 errors, 1 left on base; Sacramento 6 - Reno 0 |
| BOTTOM OF THE 4TH |
|
Reno Aces batting - Pitching for Sacramento River Cats : RHP Mike Moon
|
|
Batting: RHB Dave Vargas
|
0-0: Called Strike 0-1: Ball 1-1: Foul Ball, location: 2F 1-2: Foul Ball, location: 2F 1-2: Ball 2-2: Ball 3-2: DOUBLE (Line Drive, 9LM, EV 90.0 MPH)
|
|
Batting: SHB Salvador Aragon
|
0-0: Called Strike 0-1: Swinging Strike 0-2: Strikes out swinging
|
|
Batting: LHB Bobby Arevalo
|
0-0: Ball 1-0: Ball 2-0: Ball 3-0: Called Strike 3-1: Base on Balls
|
|
Batting: LHB Kyle Beaulieu
|
0-0: Ball 1-0: Ball 2-0: Foul Ball, location: 2F 2-1: SINGLE (Line Drive, 6M, EV 109.4 MPH) Dave Vargas to third Bobby Arevalo to second
|
|
Batting: RHB Ruben Garza
|
0-0: Ball 1-0: Swinging Strike 1-1: SINGLE (Groundball, 56S, EV 71.9 MPH) (infield hit) Dave Vargas scores Bobby Arevalo to third Kyle Beaulieu to second
|
|
Batting: LHB Ian Jarvis
|
0-0: Called Strike 0-1: Ball 1-1: Foul Ball, location: 2F 1-2: Ball 2-2: Fielders Choice at 2nd, 3-6 (Groundball, 34S, EV 83.8 MPH) Bobby Arevalo scores Kyle Beaulieu to third
|
|
Batting: LHB Sumiki Okuhara
|
0-0: Ball 1-0: Foul Ball, location: 2F 1-1: Ball 2-1: DOUBLE (Line Drive, 8LXD, EV 109.4 MPH) Kyle Beaulieu scores Ian Jarvis to third Runner from 3rd tries for Home, SAFE, no throw by CF
|
|
Batting: LHB Steve Reinhart
|
0-0: Called Strike 0-1: Ball 1-1: Ball 2-1: Called Strike 2-2: Foul Ball, location: 2F 2-2: Ball 3-2: Foul Ball, location: 2F 3-2: Strikes out swinging
|
| Bottom of the 4th over - 4 runs, 4 hits, 0 errors, 1 left on base; Sacramento 6 - Reno 4 |
| TOP OF THE 5TH |
|
Sacramento River Cats batting - Pitching for Reno Aces : RHP Matt Doucet
|
|
Batting: RHB Davey Beeson
|
0-0: Called Strike 0-1: Ball 1-1: Ball 2-1: Foul Ball, location: 2F 2-2: Ball 3-2: Foul Ball, location: 2F 3-2: Foul Ball, location: 2F 3-2: Base on Balls
|
|
Batting: LHB David Ramirez
|
0-0: Called Strike 0-1: Ball 1-1: Swinging Strike 1-2: Strikes out looking
|
|
Batting: RHB Bill Defazio
|
0-0: Ball Passed Ball! Davey Beeson to second 1-0: Called Strike 1-1: Fly out, F7 (Flyball, 78S, EV 82.5 MPH)
|
|
Batting: LHB Nick Swank
|
0-0: Called Strike 0-1: Fly out, F8 (Line Drive, 8RD, EV 103.1 MPH)
|
| Top of the 5th over - 0 runs, 0 hits, 0 errors, 1 left on base; Sacramento 6 - Reno 4 |
| BOTTOM OF THE 5TH |
|
Reno Aces batting - Pitching for Sacramento River Cats : RHP Mike Moon
|
|
Batting: RHB Ji-an Li
|
0-0: Called Strike 0-1: Ball 1-1: Ball 2-1: Foul Ball, location: 2F 2-2: Foul Ball, location: 2F 2-2: Ball 3-2: Ground out 1-3 (Groundball, 25, EV 70.6 MPH)
|
|
Batting: RHB Dave Vargas
|
0-0: Ball 1-0: Ball 2-0: Foul Ball, location: 2F 2-1: SOLO HOME RUN (Flyball, 7LD, EV 98.8 MPH), Distance : 369 ft
|
|
Pitching: LHP Gael Greene
|
|
|
Batting: SHB Salvador Aragon
|
0-0: Foul Ball, location: 2F 0-1: Ball 1-1: Foul Ball, location: 2F 1-2: Fly out, F8 (Flyball, 8RS, EV 95.6 MPH)
|
|
Batting: LHB Bobby Arevalo
|
0-0: Ball 1-0: SINGLE (Groundball, 6MD, EV 100.0 MPH)
|
|
Batting: LHB Kyle Beaulieu
|
0-0: Called Strike Bobby Arevalo steals 2nd base (no throw) 0-1: Foul Ball, location: 2F 0-2: Ball 1-2: Ball 2-2: Ground out 6-3 (Groundball, 6, EV 84.4 MPH)
|
| Bottom of the 5th over - 1 run, 2 hits, 0 errors, 1 left on base; Sacramento 6 - Reno 5 |
| TOP OF THE 6TH |
|
Sacramento River Cats batting - Pitching for Reno Aces : RHP Matt Doucet
|
|
Batting: RHB Jack Toole
|
0-0: Called Strike 0-1: Ball 1-1: Ball 2-1: Ground out 5-3 (Groundball, 5S, EV 91.9 MPH)
|
|
Batting: RHB Laroya Foronda
|
0-0: Ball 1-0: Ball 2-0: Foul Ball, location: 2F 2-1: Ball 3-1: Base on Balls
|
|
Batting: LHB Kevin Kantor
|
0-0: Called Strike Laroya Foronda steals 2nd, throwing error, E2 Laroya Foronda to third 0-1: Ball 1-1: Ground out U3 (Groundball, 3S, EV 86.9 MPH)
|
|
Batting: LHB Ryan Braden
|
0-0: Called Strike 0-1: Foul Ball, location: 2F 0-2: Ball 1-2: Ball 2-2: Ball 3-2: Foul Ball, location: 2F 3-2: Base on Balls
|
|
Pitching: RHP John Patterson
|
|
|
Batting: LHB Cesar Arteaga
|
0-0: Called Strike 0-1: Fly out, F8 (Flyball, 8LXD, EV 104.4 MPH)
|
| Top of the 6th over - 0 runs, 0 hits, 1 error, 2 left on base; Sacramento 6 - Reno 5 |
| BOTTOM OF THE 6TH |
|
Reno Aces batting - Pitching for Sacramento River Cats : LHP Gael Greene
|
|
Batting: RHB Ruben Garza
|
0-0: Foul Ball, location: 2F 0-1: Ground out 6-3 (Groundball, 56, EV 81.2 MPH)
|
|
Batting: LHB Ian Jarvis
|
0-0: Called Strike 0-1: Ball 1-1: Foul Ball, location: 2F 1-2: Strikes out swinging
|
|
Batting: LHB Sumiki Okuhara
|
0-0: Ball 1-0: Ball 2-0: Foul Ball, location: 2F 2-1: Reached on error, E4 (Groundball, 4, EV 89.4 MPH)
|
|
Batting: LHB Steve Reinhart
|
0-0: Called Strike 0-1: SINGLE (Groundball, 56D, EV 95.0 MPH) Sumiki Okuhara to second
|
|
Batting: RHB Ji-an Li
|
0-0: Called Strike 0-1: Called Strike 0-2: Foul Ball, location: 2F 0-2: Ball 1-2: SINGLE (Line Drive, 78S, EV 87.5 MPH) Sumiki Okuhara to third Steve Reinhart to second Runner from 3rd tries for Home, SAFE, throw by LF to home
|
|
Batting: RHB Dave Vargas
|
0-0: Ball 1-0: Ball 2-0: SINGLE (Groundball, 5D, EV 94.4 MPH) Steve Reinhart to third Ji-an Li to second Runner from 3rd tries for Home, SAFE, throw by LF to home
|
|
Batting: SHB Salvador Aragon
|
0-0: Ball 1-0: Ball 2-0: Foul Ball, location: 2F 2-1: Ball 3-1: Base on Balls Ji-an Li to third Dave Vargas to second
|
|
Batting: LHB Bobby Arevalo
|
0-0: Ball 1-0: Ball 2-0: Foul Ball, location: 2F 2-1: Fly out, F9 (Flyball, 89M, EV 91.2 MPH)
|
| Bottom of the 6th over - 2 runs, 3 hits, 1 error, 3 left on base; Sacramento 6 - Reno 7 |
| TOP OF THE 7TH |
|
Sacramento River Cats batting - Pitching for Reno Aces : RHP John Patterson
|
|
Batting: RHB Davey Beeson
|
0-0: Ground out 1-3 (Groundball, 13S, EV 61.2 MPH)
|
|
Batting: LHB David Ramirez
|
0-0: Ball 1-0: Ball 2-0: Ball 3-0: Base on Balls
|
|
Batting: RHB Bill Defazio
|
0-0: Called Strike 0-1: Called Strike David Ramirez steals 2nd base 0-2: Ball 1-2: Strikes out swinging
|
|
Batting: LHB Nick Swank
|
0-0: Called Strike 0-1: Ball 1-1: Ball 2-1: Ball 3-1: Base on Balls
|
|
Batting: RHB Jack Toole
|
0-0: Called Strike 0-1: Ball 1-1: Ball 2-1: Ball 3-1: Base on Balls David Ramirez to third Nick Swank to second
|
|
Batting: RHB Laroya Foronda
|
0-0: Ball 1-0: Called Strike 1-1: Ball 2-1: Ball 3-1: Called Strike 3-2: Strikes out swinging
|
| Top of the 7th over - 0 runs, 0 hits, 0 errors, 3 left on base; Sacramento 6 - Reno 7 |
| BOTTOM OF THE 7TH |
|
Reno Aces batting - Pitching for Sacramento River Cats : LHP Gael Greene
|
|
Pitching: RHP Cortez Laris
|
|
|
Batting: LHB Kyle Beaulieu
|
0-0: Foul Ball, location: 2F 0-1: Ball 1-1: Foul Ball, location: 2F 1-2: Ball 2-2: Ball 3-2: DOUBLE (Line Drive, 7LM, EV 115.0 MPH)
|
|
Batting: RHB Ruben Garza
|
0-0: Ball 1-0: Called Strike 1-1: Ball 2-1: Ball 3-1: Called Strike 3-2: Base on Balls
|
|
Batting: LHB Ian Jarvis
|
0-0: Bunted foul 0-1: Sac Bunt to 15S - play at first, batter OUT! 1-4 Kyle Beaulieu to third Ruben Garza to second
|
|
Batting: LHB Sumiki Okuhara
|
0-0: Ball 1-0: Called Strike 1-1: Foul Ball, location: 2F 1-2: Ball 2-2: Foul Ball, location: 2F 2-2: Foul Ball, location: 2F 2-2: Ball 3-2: Foul Ball, location: 2F 3-2: Base on Balls
|
|
Batting: LHB Steve Reinhart
|
0-0: Swinging Strike 0-1: Foul Ball, location: 2F 0-2: Grounds into double play, 3-2-3 (Groundball, 34S, EV 67.5 MPH)
|
| Bottom of the 7th over - 0 runs, 1 hit, 0 errors, 2 left on base; Sacramento 6 - Reno 7 |
| TOP OF THE 8TH |
|
Sacramento River Cats batting - Pitching for Reno Aces : RHP John Patterson
|
|
Pitching: RHP Nick Burcham
|
|
|
Batting: LHB Kevin Kantor
|
0-0: Called Strike 0-1: Foul Ball, location: 2F 0-2: Fly out, F7 (Line Drive, 7, EV 93.8 MPH)
|
|
Batting: LHB Ryan Braden
|
0-0: Ball 1-0: Ball 2-0: Ball 3-0: Foul Ball, location: 2F 3-1: Ground out 4-3 (Groundball, 4D, EV 105.6 MPH)
|
|
Batting: LHB Cesar Arteaga
|
0-0: Called Strike 0-1: Ball 1-1: Swinging Strike 1-2: Fly out, F9 (Flyball, 9D, EV 92.5 MPH)
|
| Top of the 8th over - 0 runs, 0 hits, 0 errors, 0 left on base; Sacramento 6 - Reno 7 |
| BOTTOM OF THE 8TH |
|
Reno Aces batting - Pitching for Sacramento River Cats : RHP Cortez Laris
|
|
Pitching: LHP Chris Morales
|
|
|
Batting: RHB Ji-an Li
|
0-0: Called Strike 0-1: Ball 1-1: Swinging Strike 1-2: Ball 2-2: Foul Ball, location: 2F 2-2: SINGLE (Groundball, 56D, EV 101.2 MPH)
|
|
Batting: RHB Dave Vargas
|
0-0: Foul Ball, location: 2F 0-1: Ball 1-1: Called Strike Ji-an Li steals 2nd base 1-2: Foul Ball, location: 2F 1-2: Foul Ball, location: 2F 1-2: SINGLE (Flyball, 56D, EV 86.9 MPH) Ji-an Li to third
|
|
Batting: SHB Salvador Aragon
|
0-0: Called Strike 0-1: Ball 1-1: SINGLE (Groundball, 4, EV 96.9 MPH) Ji-an Li scores Dave Vargas to second Runner from 2nd tries for 3rd, SAFE, no throw by CF
|
|
Batting: LHB Bobby Arevalo
|
0-0: Called Strike Salvador Aragon steals 2nd base 0-1: Ball 1-1: Intentional Walk
|
|
Batting: LHB Kyle Beaulieu
|
0-0: Fly out, F7 (Flyball, 7D, EV 85.6 MPH) Runner from 3rd tags up, SCORES, no throw by LF Salvador Aragon to third
|
|
Batting: RHB Ruben Garza
|
0-0: Foul Ball, location: 2F 0-1: Ball 1-1: DOUBLE (Line Drive, 5D, EV 98.8 MPH) Salvador Aragon scores Bobby Arevalo to third
|
|
Pitching: RHP Taiji Morita
|
|
|
Batting: LHB Ian Jarvis
|
0-0: Ball 1-0: Swinging Strike 1-1: Swinging Strike 1-2: Foul Ball, location: 2F 1-2: Strikes out looking
|
|
Batting: LHB Sumiki Okuhara
|
0-0: Ball 1-0: Foul Ball, location: 2F 1-1: DOUBLE (Groundball, 5L, EV 106.9 MPH) Bobby Arevalo scores Ruben Garza scores
|
|
Batting: LHB Steve Reinhart
|
0-0: Ball 1-0: Foul Ball, location: 2F 1-1: Ground out 4-3 (Groundball, 4, EV 91.9 MPH)
|
| Bottom of the 8th over - 5 runs, 5 hits, 0 errors, 1 left on base; Sacramento 6 - Reno 12 |
| TOP OF THE 9TH |
|
Sacramento River Cats batting - Pitching for Reno Aces : RHP Nick Burcham
|
|
Batting: RHB Davey Beeson
|
0-0: Called Strike 0-1: Ground out 4-3 (Groundball, 4, EV 103.8 MPH)
|
|
Batting: LHB David Ramirez
|
0-0: Foul Ball, location: 2F 0-1: Foul Ball, location: 2F 0-2: Ball 1-2: Ball 2-2: Strikes out swinging
|
|
Batting: RHB Bill Defazio
|
0-0: Ground out 4-3 (Groundball, 4, EV 99.4 MPH)
|
| Top of the 9th over - 0 runs, 0 hits, 0 errors, 0 left on base; Sacramento 6 - Reno 12 |
|